[Event "Saturday 20 January Rapid Engine Tour 12+1 Rounds 9 Starts 1600 ST"]
[Site "Infinity Chess"]
[Date "2018.1.20"]
[Round "7"]
[White "angriff"]
[Black "RonWeasley"]
[Result "1/2-1/2"]
[ECO "C12"]
[WhiteElo "2465"]
[BlackElo "2479"]
[WhiteEngine "Raubfisch ME262_GTZ16b2_CTG"]
[BlackEngine "BrainFish 130117_CTG"]
[EventType "Swiss"]
[WhiteTeam ""]
[BlackTeam ""]
[PlyCount "96"]
[TimeControl "720+1"]

1. e4 e6 2. d4 d5 3. Nc3 Nf6 4. Bg5 Bb4 5. e5 h6 6. exf6 hxg5 7. fxg7 Rg8 
8. a3 Be7 9. h4 gxh4 10. Qg4 Bf6 11. Nf3 Nd7 12. Qf4 c6 13. O-O-O Rxg7 
14. Kb1 Nf8 15. Re1 Ng6 16. Qd2 Bd7 17. Bd3 Qc7 18. Bxg6 Rxg6 19. Nxh4 Rg8 
20. Nf3 O-O-O 21. Rh7 Rdf8 22. Qh6 Qd8 23. g3 Rh8 24. Ne2 Rxh7 25. Qxh7 b6 
26. Qd3 Rh8 27. Qe3 Qg8 28. Nf4 Be7 29. c4 dxc4 30. Ne5 Qh7+ 31. Ka2 Bd6 
32. Nxc4 Bc7 33. Ne5 Rd8 34. Rc1 Kb7 35. g4 Bxe5 36. Qxe5 Qh8 37. Nh5 c5 
38. Qxh8 Rxh8 39. dxc5 Bc6 40. cxb6 Kxb6 41. b3 Rh6 42. Rc4 e5 43. Ng3 Bd7 
44. g5 Rg6 45. Rb4+ Kc7 46. Rc4+ Kb6 47. Rb4+ Kc7 48. Rc4+ Kb6 1/2-1/2

[Event "Saturday 20 January Rapid Engine Tour 12+1 Rounds 9 Starts 1600 ST"]
[Site "Infinity Chess"]
[Date "2018.1.20"]
[Round "7"]
[White "Marsell"]
[Black "Susanne"]
[Result "1/2-1/2"]
[ECO "B32"]
[WhiteElo "2480"]
[BlackElo "2471"]
[WhiteEngine "asmFishW_2018-01-11_popcnt"]
[BlackEngine "asmFishW_2018-01-12_bmi2_CTG"]
[EventType "Swiss"]
[WhiteTeam ""]
[BlackTeam ""]
[PlyCount "85"]
[TimeControl "720+1"]

1. e4 c5 2. Nf3 Nc6 3. d4 cxd4 4. Nxd4 e5 5. Nb5 d6 6. N1c3 a6 7. Na3 b5 
8. Nd5 Nf6 9. c3 Be7 10. Nxf6+ Bxf6 11. Nc2 O-O 12. Bd3 Be6 13. O-O Qd7 
14. a4 Rab8 15. Ne3 Bd8 16. Bc2 b4 17. Qd3 a5 18. Rd1 Bc7 19. Qe2 Rfd8 
20. Bd3 bxc3 21. bxc3 Bb6 22. Bb5 Qc7 23. Bc4 Ne7 24. Bxe6 fxe6 25. Qa2 Kf7 
26. Qe2 Bc5 27. h4 Ng6 28. Qg4 Nf8 29. h5 Nd7 30. h6 gxh6 31. Qh5+ Kg7 
32. Ng4 Kh8 33. Bxh6 Rg8 34. Bg5 Rg6 35. Rd3 Rbg8 36. Rh3 R8g7 37. Bh6 Rxg4 
38. Bxg7+ Rxg7 39. Qe8+ Rg8 40. Qf7 Rg7 41. Qe8+ Rg8 42. Qf7 Rg7 43. Qe8+ 
1/2-1/2

[Event "Saturday 20 January Rapid Engine Tour 12+1 Rounds 9 Starts 1600 ST"]
[Site "Infinity Chess"]
[Date "2018.1.20"]
[Round "7"]
[White "Neoxium"]
[Black "star99"]
[Result "1/2-1/2"]
[ECO "A15"]
[WhiteElo "2489"]
[BlackElo "2443"]
[WhiteEngine "SF SL FA-IDeA"]
[BlackEngine "Cryptic AIL V1"]
[EventType "Swiss"]
[WhiteTeam ""]
[BlackTeam ""]
[PlyCount "108"]
[TimeControl "720+1"]

1. c4 Nf6 2. d4 e6 3. Nf3 d5 4. Nc3 c6 5. e3 Nbd7 6. Qc2 Bd6 7. b3 O-O 8. Be2 e5 
9. cxd5 cxd5 10. Nb5 Bb4+ 11. Bd2 Bxd2+ 12. Nxd2 a6 13. dxe5 Nxe5 14. Nd4 Bg4 
15. Bxg4 Nfxg4 16. O-O Rc8 17. Qb2 Nd3 18. Qb1 Rc3 19. Ne2 Qd6 20. Nf3 Nde5 
21. Ng5 Ng6 22. Ng3 Rfc8 23. Qd1 Qd7 24. Nf3 R3c5 25. Ne2 Qd6 26. Qd4 Nf6 
27. Rfc1 Nf8 28. Qb2 Ne6 29. Ne1 Ng4 30. Nf3 Rxc1+ 31. Rxc1 Rxc1+ 32. Qxc1 Qc7 
33. Qd1 Qa5 34. Qc2 Ne5 35. Qc8+ Nf8 36. Ng3 Qxa2 37. Nxe5 Qa1+ 38. Nf1 Qxe5 
39. Qxb7 Qd6 40. g3 h5 41. Kg2 d4 42. exd4 Qxd4 43. h4 g6 44. Qxa6 Qd5+ 
45. Kg1 Qxb3 46. Ne3 Qb1+ 47. Kh2 Qe4 48. Qf6 Ne6 49. Ng2 Nd4 50. Ne3 Nf3+ 
51. Kh3 Ng5+ 52. Kh2 Nf3+ 53. Kh3 Ng1+ 54. Kh2 Nf3+ 1/2-1/2

[Event "Saturday 20 January Rapid Engine Tour 12+1 Rounds 9 Starts 1600 ST"]
[Site "Infinity Chess"]
[Date "2018.1.20"]
[Round "7"]
[White "KhalidOmar"]
[Black "SkyPilot"]
[Result "1/2-1/2"]
[ECO "E10"]
[WhiteElo "2472"]
[BlackElo "2462"]
[WhiteEngine "Eman 1.64b 64-bit BMI2"]
[BlackEngine "stockfish_x64_bmi2_2018_01_13_CTG"]
[EventType "Swiss"]
[WhiteTeam ""]
[BlackTeam ""]
[PlyCount "206"]
[TimeControl "720+1"]

1. d4 Nf6 2. c4 e6 3. Nf3 d5 4. Nc3 c6 5. Bg5 h6 6. Bxf6 Qxf6 7. e3 Nd7 
8. Bd3 dxc4 9. Bxc4 g6 10. O-O Bg7 11. e4 e5 12. d5 Nb6 13. Bb3 Bg4 14. Re1 Bxf3 
15. Qxf3 Qxf3 16. gxf3 O-O 17. dxc6 bxc6 18. Nd1 a5 19. Ne3 Rfc8 20. Rac1 Bf8 
21. Nc4 Nxc4 22. Rxc4 Kg7 23. Rd1 Rc7 24. Ba4 Rb8 25. b3 c5 26. Rc2 h5 
27. Rd5 Kf6 28. a3 Be7 29. Kg2 Rd8 30. Rxd8 Bxd8 31. Bb5 Be7 32. a4 Rc8 
33. Rd2 Rd8 34. Rxd8 Bxd8 35. Bc4 Kg7 36. Kf1 Bg5 37. Ke2 Kf6 38. Bd5 Bf4 
39. h3 Bg5 40. Bc4 h4 41. Kd3 Bc1 42. Bd5 Ba3 43. Kc3 Bb4+ 44. Kc4 Ke7 
45. Kb5 Kf6 46. Kb6 Kg7 47. Kb5 Kf6 48. Kc6 Kg7 49. Kc7 Kf6 50. Kb7 Ba3 
51. Kc6 Bb4 52. Kb5 Kg7 53. Kc6 f6 54. Kb5 Kh6 55. Kc6 Kg5 56. Bf7 Kf4 
57. Bxg6 Kxf3 58. Kd5 Kxf2 59. Bf5 Bc3 60. Ke6 Ke3 61. Kxf6 Ke2 62. Kg5 Be1 
63. Bg6 Kd3 64. Kf6 Bg3 65. Kf5 Kd4 66. Kg5 c4 67. bxc4 Kxc4 68. Bf7+ Kd3 
69. Bd5 Be1 70. Kg4 Bg3 71. Bb7 Be1 72. Bd5 Kc3 73. Kf5 Kd4 74. Kg5 Ke3 
75. Kf5 Bg3 76. Bf7 Kd4 77. Bb3 Be1 78. Bd1 Bb4 79. Bf3 Be7 80. Bg4 Bd6 
81. Bd1 Ba3 82. Be2 Bc1 83. Bf3 Ba3 84. Bh5 Bc1 85. Bd1 Bb2 86. Bb3 Ba1 
87. Bd5 Bc3 88. Ba2 Kd3 89. Bf7 Ke3 90. Ba2 Ke2 91. Bd5 Kd3 92. Ba2 Ba1 
93. Bd5 Bd4 94. Kg5 Bf2 95. Kg4 Be1 96. Kf5 Bc3 97. Bb3 Ba1 98. Bg8 Bb2 
99. Be6 Ba1 100. Bd7 Bb2 101. Bb5+ Kd4 102. Bc6 Bc3 103. Bd5 Kd3 1/2-1/2

[Event "Saturday 20 January Rapid Engine Tour 12+1 Rounds 9 Starts 1600 ST"]
[Site "Infinity Chess"]
[Date "2018.1.20"]
[Round "7"]
[White "Murx"]
[Black "Deep_Impact"]
[Result "1/2-1/2"]
[ECO "A20"]
[WhiteElo "2497"]
[BlackElo "2526"]
[WhiteEngine "BrainFish_180113_x64_modern"]
[BlackEngine "BrainFish_180113_x64_modern"]
[EventType "Swiss"]
[WhiteTeam ""]
[BlackTeam ""]
[PlyCount "104"]
[TimeControl "720+1"]

1. c4 e5 2. g3 Nf6 3. Bg2 d5 4. cxd5 Nxd5 5. Nc3 Nb6 6. e3 Nc6 7. Nge2 h5 
8. O-O h4 9. d4 Bd7 10. d5 Ne7 11. a4 a5 12. Qd3 h3 13. Bf3 Nec8 14. Bh1 Bb4 
15. b3 f5 16. Bb2 O-O 17. Rac1 Qe7 18. Qc2 Rf7 19. Rfd1 Qg5 20. f4 Qh6 
21. Na2 Bd6 22. fxe5 Qxe3+ 23. Kf1 f4 24. gxf4 Bxe5 25. Rd3 Rxf4+ 26. Nxf4 Qxf4+ 
27. Rf3 Qxh2 28. Qxh2 Bxh2 29. Re1 Bd6 30. Nc3 Ne7 31. Ne4 Bb4 32. Bc3 Bxc3 
33. Nxc3 Nexd5 34. Ne4 Re8 35. Ng5 Rxe1+ 36. Kxe1 Nf6 37. Rg3 h2 38. Rc3 g6 
39. Rc2 Ng4 40. Ke2 Bc6 41. Bxc6 bxc6 42. Rc1 c5 43. Rh1 c4 44. Kf3 Ne5+ 
45. Ke4 Nf7 46. Nxf7 Kxf7 47. bxc4 Nxc4 48. Rxh2 Nb6 49. Rc2 g5 50. Rxc7+ Kg8 
51. Rc5 Nxa4 52. Rxa5 Nb6 1/2-1/2

[Event "Saturday 20 January Rapid Engine Tour 12+1 Rounds 9 Starts 1600 ST"]
[Site "Infinity Chess"]
[Date "2018.1.20"]
[Round "6"]
[White "OlivierEvan"]
[Black "neófito"]
[Result "1/2-1/2"]
[ECO "D43"]
[WhiteElo "2386"]
[BlackElo "2420"]
[WhiteEngine "Houdini 6"]
[BlackEngine "asmFishW_2018-01-12_bmi2"]
[EventType "Swiss"]
[WhiteTeam ""]
[BlackTeam ""]
[PlyCount "59"]
[TimeControl "720+1"]

1. d4 d5 2. c4 e6 3. Nc3 Nf6 4. Nf3 c6 5. Bg5 h6 6. Bxf6 Qxf6 7. e3 Nd7 
8. Be2 g6 9. O-O Bg7 10. e4 dxe4 11. Nxe4 Qf4 12. Qc2 f5 13. Ned2 c5 14. g3 Qc7 
15. Nh4 Bxd4 16. Nxg6 Rg8 17. Nh4 Nf6 18. Ndf3 Rxg3+ 19. hxg3 Qxg3+ 20. Ng2 Ng4 
21. Qd2 Bxf2+ 22. Rxf2 Qxf2+ 23. Kh1 Bd7 24. Rf1 Qg3 25. Qe1 Qxe1 26. Nfxe1 Ne5 
27. Nf3 Ng4 28. Nfe1 Ne5 29. Nf3 Ng4 30. Nfe1 1/2-1/2

[Event "Saturday 20 January Rapid Engine Tour 12+1 Rounds 9 Starts 1600 ST"]
[Site "Infinity Chess"]
[Date "2018.1.20"]
[Round "6"]
[White "KULLANI"]
[Black "tris77"]
[Result "1/2-1/2"]
[ECO "A46"]
[WhiteElo "2430"]
[BlackElo "2340"]
[WhiteEngine "BrainFish_180113_x64_CTG"]
[BlackEngine "Raubfisch ME262_GTZ16b2_CTG"]
[EventType "Swiss"]
[WhiteTeam ""]
[BlackTeam ""]
[PlyCount "54"]
[TimeControl "720+1"]

1. d4 Nf6 2. Nf3 d5 3. e3 Bf5 4. Ne5 Nbd7 5. Be2 c6 6. g4 Be6 7. f4 g6 8. Nc3 h5 
9. g5 Ne4 10. Nxe4 dxe4 11. b3 Nxe5 12. dxe5 f6 13. Qd4 fxg5 14. fxg5 Bg7 
15. O-O Bf5 16. Bb2 Qc7 17. Bc4 Rd8 18. Qxa7 Qc8 19. Bd4 Rf8 20. Qa5 b5 
21. Be2 Bg4 22. Rxf8+ Kxf8 23. Bxg4 Qxg4+ 24. Kh1 Qf3+ 25. Kg1 Qg4+ 26. Kh1 Qf3+ 
27. Kg1 Qg4+ 1/2-1/2

[Event "Saturday 20 January Rapid Engine Tour 12+1 Rounds 9 Starts 1600 ST"]
[Site "Infinity Chess"]
[Date "2018.1.20"]
[Round "6"]
[White "Gilgamesch"]
[Black "incredible"]
[Result "1/2-1/2"]
[ECO "C50"]
[WhiteElo "2478"]
[BlackElo "2433"]
[WhiteEngine "BrainFish_171005_x64_bmi2"]
[BlackEngine "Stockfish_x64_bmi2"]
[EventType "Swiss"]
[WhiteTeam ""]
[BlackTeam ""]
[PlyCount "87"]
[TimeControl "720+1"]

1. e4 e5 2. Nf3 Nc6 3. Bc4 Bc5 4. O-O d6 5. c3 Nf6 6. b4 Bb6 7. a4 a6 8. d3 O-O 
9. Re1 Ba7 10. Na3 h6 11. Nc2 Ne7 12. Be3 Bb8 13. a5 Re8 14. Bb3 c6 15. Qd2 d5 
16. Bb6 Qd6 17. Bc5 Qd8 18. exd5 Nexd5 19. d4 e4 20. Ne5 Nd7 21. Nxd7 Bxd7 
22. g3 Bh3 23. Bxd5 cxd5 24. Ne3 Qg5 25. Qa2 Be6 26. c4 dxc4 27. Rad1 Bf4 
28. d5 Bh3 29. Ng2 Bxg2 30. Kxg2 c3 31. d6 Bd2 32. Be3 Bxe3 33. Rxe3 Rad8 
34. Qc4 Qg4 35. Rd5 Qe6 36. Qd4 c2 37. Rc3 e3 38. fxe3 Rc8 39. Rdc5 Rxc5 
40. bxc5 Qa2 41. Kh3 Qe6+ 42. Kg2 Qa2 43. Kh3 Qe6+ 44. Kg2 1/2-1/2

[Event "Saturday 20 January Rapid Engine Tour 12+1 Rounds 9 Starts 1600 ST"]
[Site "Infinity Chess"]
[Date "2018.1.20"]
[Round "6"]
[White "MarioDeMonti"]
[Black "BraveDevil"]
[Result "1/2-1/2 "]
[ECO "B90"]
[WhiteElo "2437"]
[BlackElo "2377"]
[WhiteEngine "stockfish_x64_bmi2_2018_01_13_CTG"]
[BlackEngine "Cryptic AIL V1"]
[EventType "Swiss"]
[WhiteTeam ""]
[BlackTeam ""]
[PlyCount "277"]
[TimeControl "720+1"]

1. e4 c5 2. Nf3 d6 3. d4 cxd4 4. Nxd4 Nf6 5. Nc3 a6 6. Be3 e5 7. Nb3 Be7 
8. Be2 Be6 9. O-O O-O 10. Qd3 Nc6 11. a3 Rc8 12. Rfd1 Nd7 13. Rac1 Nc5 
14. Nxc5 dxc5 15. Qxd8 Rfxd8 16. Nd5 Bxd5 17. Rxd5 Rxd5 18. exd5 Nd4 19. Bg4 Rd8 
20. c3 Nb3 21. Rd1 Bd6 22. Bf5 b5 23. Bc2 c4 24. g4 Nc5 25. Kg2 h6 26. h4 Kf8 
27. h5 Ke7 28. Kf3 Rb8 29. Rg1 f6 30. Rd1 a5 31. Bxc5 Bxc5 32. Ke4 b4 
33. axb4 axb4 34. Kf5 bxc3 35. bxc3 Rb2 36. Rd2 Ra2 37. Re2 Kf7 38. f3 Ra3 
39. Be4 Rxc3 40. Rd2 Bb4 41. Rd1 Bd6 42. Ra1 Ra3 43. Rc1 Ra2 44. Rxc4 Rd2 
45. Ra4 Bc5 46. Ra8 Rd1 47. Ra6 Be7 48. Ra8 Rd2 49. Ra7 Rd1 50. Ra8 Rd2 
51. Ra5 Rd4 52. Ra6 Rd1 53. Rc6 Rd4 54. Rc2 Bd6 55. Rc6 Be7 56. Re6 Rd2 
57. Rb6 Rd4 58. Rb1 Rd2 59. Rg1 Bc5 60. Rh1 Be7 61. Re1 Bd6 62. Rb1 Be7 
63. Ra1 Bb4 64. Rg1 Be7 65. Rc1 Rd4 66. Rc3 Bd6 67. Rc8 Be7 68. Rc7 Rd2 
69. Rc1 Rd4 70. Rc7 Rd2 71. Rd7 Rd1 72. Rb7 Rd2 73. Rb8 Rd1 74. Rb2 Rd4 
75. f4 Rb4 76. Ra2 Rb6 77. Ra8 exf4 78. Ra7 Kf8 79. Kxf4 Bd6+ 80. Kf5 Bb8 
81. Rd7 Be5 82. Kg6 f5+ 83. Kxf5 Ke8 84. Ra7 Bd4 85. Ra8+ Ke7 86. Ra7+ Kf8 
87. Ra8+ Ke7 88. Bd3 Kd6 89. Rd8+ Kc5 90. Ke4 Bf6 91. Rc8+ Kd6 92. Rc4 Bg5 
93. Ra4 Bd2 94. Ra6 Rxa6 95. Bxa6 Bg5 96. Bb7 Bf6 97. Bc6 Be7 98. Kf5 Bg5 
99. Ke4 Bd8 100. Kd3 Bf6 101. Ke4 Be7 102. Ba4 Bd8 103. Bb5 Bg5 104. Kd4 Bf6+ 
105. Kc4 Be7 106. Ba4 Bd8 107. Bc2 Bg5 108. Bd3 Bf6 109. Bb1 Bg5 110. Bg6 Bf6 
111. Bf5 Bg5 112. Bd3 Bh4 113. Bb1 Bg5 114. Bg6 Bc1 115. Bf7 Bg5 116. Kb3 Kc5 
117. Kc3 Kd6 118. Kd4 Be7 119. Ke4 Bg5 120. Be6 Bc1 121. Bc8 Bg5 122. Be6 Bd2 
123. Bf5 Bc1 124. Be6 Bd2 125. Bf5 Bc1 126. Bh7 Bd2 127. Kd4 Bc1 128. Kc4 Bg5 
129. Bf5 Bd2 130. Kd4 Bg5 131. Bb1 Bf6+ 132. Ke4 Bh4 133. Kf5 Kxd5 134. Be4+ Kd4 
135. Bg2 Bg5 136. Bb7 Bh4 137. Bf3 Ke3 138. Bd5 Kd4 139. Bc6 1/2-1/2

[Event "Saturday 20 January Rapid Engine Tour 12+1 Rounds 9 Starts 1600 ST"]
[Site "Infinity Chess"]
[Date "2018.1.20"]
[Round "6"]
[White "Thinker"]
[Black "Dovahkiin"]
[Result "1/2-1/2"]
[ECO "B90"]
[WhiteElo "2425"]
[BlackElo "2443"]
[WhiteEngine "BrainFish_180113_x64_modern_CTG"]
[BlackEngine "BrainFish_180113_x64_modern_CTG"]
[EventType "Swiss"]
[WhiteTeam ""]
[BlackTeam ""]
[PlyCount "86"]
[TimeControl "720+1"]

1. e4 c5 2. Nf3 d6 3. d4 cxd4 4. Nxd4 Nf6 5. Nc3 a6 6. Be3 e5 7. Nb3 Be6 
8. h3 Be7 9. f4 Nc6 10. f5 Bxb3 11. axb3 Nb4 12. g3 d5 13. exd5 Qc7 14. d6 Bxd6 
15. Nb5 Nxc2+ 16. Ke2 Qc6 17. Nxd6+ Ke7 18. Rc1 Nxe3 19. Rxc6 Nxd1 20. Nxb7 Rhb8 
21. Rc7+ Kf8 22. Bg2 Nxb2 23. Nd6 e4 24. Rhc1 Rd8 25. Nxf7 Rd3 26. Ng5 Rxg3 
27. Bxe4 Nxe4 28. Nxe4 Re8 29. Rc8 Rxb3 30. Rxe8+ Kxe8 31. Rc8+ Kd7 32. Rg8 Kc6 
33. Rxg7 Nc4 34. Ng5 Re3+ 35. Kd1 h6 36. Rg6+ Kd5 37. Rxh6 Rg3 38. h4 Ne3+ 
39. Ke2 Nxf5 40. Rxa6 Nxh4 41. Ra5+ Kc6 42. Ne4 Rg2+ 43. Kd3 Rg1 1/2-1/2

[Event "Saturday 20 January Rapid Engine Tour 12+1 Rounds 9 Starts 1600 ST"]
[Site "Infinity Chess"]
[Date "2018.1.20"]
[Round "6"]
[White "Satria_Ungu"]
[Black "Cepri"]
[Result "1/2-1/2"]
[ECO "A46"]
[WhiteElo "2414"]
[BlackElo "2440"]
[WhiteEngine "Houdini 6_CTG"]
[BlackEngine "asmFishW_12J18Mb_CTG"]
[EventType "Swiss"]
[WhiteTeam ""]
[BlackTeam ""]
[PlyCount "93"]
[TimeControl "720+1"]

1. d4 Nf6 2. Nf3 d5 3. c4 e6 4. Nc3 c6 5. Bg5 h6 6. Bxf6 Qxf6 7. e3 Nd7 
8. Bd3 dxc4 9. Bxc4 g6 10. O-O Bg7 11. Qc2 O-O 12. h3 Qe7 13. a4 a5 14. Rfe1 Rd8 
15. Red1 c5 16. Bb5 cxd4 17. exd4 Nb6 18. Qe4 Qf8 19. Ne5 Rb8 20. Qe1 Qb4 
21. Qe3 Bd7 22. Nxd7 Nxd7 23. d5 Nc5 24. d6 b6 25. Rab1 Nxa4 26. Bxa4 Bxc3 
27. bxc3 Qxa4 28. Qxh6 Qe4 29. Qd2 Rd7 30. Qe3 Qxe3 31. fxe3 a4 32. Kf2 Kg7 
33. Kf3 f5 34. Rb4 a3 35. Ra4 Rbd8 36. Rxa3 Rxd6 37. Rxd6 Rxd6 38. e4 Kf6 
39. exf5 gxf5 40. g4 Rd3+ 41. Ke2 Rxh3 42. gxf5 Kxf5 43. Rb3 e5 44. Rxb6 Rxc3 
45. Rh6 Rb3 46. Rh4 Kg5 47. Rh1 1/2-1/2

[Event "Saturday 20 January Rapid Engine Tour 12+1 Rounds 9 Starts 1600 ST"]
[Site "Infinity Chess"]
[Date "2018.1.20"]
[Round "6"]
[White "hafaba"]
[Black "Harry_Potter"]
[Result "1/2-1/2"]
[ECO "A05"]
[WhiteElo "2452"]
[BlackElo "2464"]
[WhiteEngine "Stockfish SL FA POPCNT_CTG"]
[BlackEngine "BrainFish_180113_x64_bmi2_CTG"]
[EventType "Swiss"]
[WhiteTeam ""]
[BlackTeam ""]
[PlyCount "48"]
[TimeControl "720+1"]

1. Nf3 Nf6 2. d4 d5 3. c4 e6 4. Nc3 Be7 5. Bf4 O-O 6. e3 Nbd7 7. cxd5 Nxd5 
8. Nxd5 exd5 9. Be2 Nf6 10. Ne5 Ne4 11. O-O Bg5 12. Bxg5 Qxg5 13. Bd3 Bf5 
14. Qc2 c6 15. b4 a6 16. a4 Rac8 17. Rfc1 h5 18. Qb2 Nd6 19. Nf3 Qf6 
20. Be2 Rfe8 21. Ne5 Qg5 22. Nf3 Qf6 23. Ne5 Qg5 24. Nf3 Qf6 1/2-1/2

[Event "Saturday 20 January Rapid Engine Tour 12+1 Rounds 9 Starts 1600 ST"]
[Site "Infinity Chess"]
[Date "2018.1.20"]
[Round "6"]
[White "NINJA_JENGKA"]
[Black "angriff"]
[Result "1/2-1/2"]
[ECO "A40"]
[WhiteElo "2453"]
[BlackElo "2466"]
[WhiteEngine "Houdini 6_CTG"]
[BlackEngine "Raubfisch ME262_GTZ16b2_CTG"]
[EventType "Swiss"]
[WhiteTeam ""]
[BlackTeam ""]
[PlyCount "119"]
[TimeControl "720+1"]

1. d4 c6 2. e4 d5 3. e5 c5 4. Nf3 cxd4 5. Nxd4 Nc6 6. Nxc6 bxc6 7. Bd3 Qc7 
8. O-O Qxe5 9. c4 dxc4 10. Bxc4 Nf6 11. Nc3 e6 12. Qf3 Bb7 13. Bf4 Qh5 
14. Qg3 Be7 15. Be3 Qa5 16. Bd4 c5 17. Be5 O-O 18. Rae1 g6 19. Re3 Nd7 
20. Bc7 Qb4 21. b3 Bc6 22. h4 Nf6 23. Rfe1 Nh5 24. Qh2 Bf6 25. Be5 Bxe5 
26. Qxe5 Rad8 27. Ne4 Bxe4 28. Rxe4 Qb8 29. Qxc5 Ng7 30. Bf1 Rd7 31. Rb4 Qd8 
32. Ra4 Nf5 33. h5 Qb6 34. Qe5 Rc8 35. hxg6 hxg6 36. Rc4 Rxc4 37. bxc4 Nd4 
38. Re3 Nc6 39. Qf6 Qd4 40. Qxd4 Rxd4 41. c5 Rd1 42. Rc3 Kf8 43. g3 Ke7 
44. Kg2 Rb1 45. Bd3 Rb2 46. Be4 Kd7 47. Ra3 f5 48. Bxc6+ Kxc6 49. Rxa7 Kxc5 
50. a4 Kd6 51. Rg7 Ra2 52. Rxg6 Rxa4 53. f3 Ra2+ 54. Kh3 Rf2 55. f4 Ra2 
56. g4 fxg4+ 57. Rxg4 Ra4 58. Kg3 Ra2 59. Kh3 Ra3+ 60. Kg2 1/2-1/2

[Event "Saturday 20 January Rapid Engine Tour 12+1 Rounds 9 Starts 1600 ST"]
[Site "Infinity Chess"]
[Date "2018.1.20"]
[Round "6"]
[White "Eman"]
[Black "Murx"]
[Result "0-1"]
[ECO "C58"]
[WhiteElo "2468"]
[BlackElo "2482"]
[WhiteEngine "Eman 1.64b 64-bit POPCNT"]
[BlackEngine "BrainFish_180113_x64_modern"]
[EventType "Swiss"]
[WhiteTeam ""]
[BlackTeam ""]
[PlyCount "97"]
[TimeControl "720+1"]

1. e4 e5 2. Nf3 Nc6 3. Bc4 Nf6 4. Ng5 d5 5. exd5 Na5 6. Bb5+ c6 7. dxc6 bxc6 
8. Bd3 Nd5 9. h4 h6 10. Qh5 Qf6 11. Ne4 Qe6 12. Ng5 Qf6 13. Ne4 Qe6 14. Ng3 Nf4 
15. Qf3 Nxd3+ 16. Qxd3 Bc5 17. Nc3 O-O 18. b3 Bd4 19. Bb2 c5 20. Nge2 Ba6 
21. Qf3 e4 22. Qh5 Nc6 23. O-O-O Nb4 24. Ba3 Bxf2 25. Kb1 Rad8 26. Rhf1 Qg6 
27. g4 Qxh5 28. gxh5 Bxh4 29. Rf4 Bg5 30. Rxe4 Bxd2 31. Re5 Bg5 32. Rxd8 Rxd8 
33. Nc1 Bb7 34. Rxc5 Nd5 35. Nxd5 Bxd5 36. Nd3 Bf3 37. Bc1 f6 38. b4 Bxh5 
39. b5 Be2 40. Nf4 Bg4 41. Nd3 Bxc1 42. Kxc1 h5 43. Kd2 h4 44. Ke1 Rd4 
45. a3 Re4+ 46. Kf1 Ra4 47. Kf2 g5 48. Nb4 Rxa3 49. Nd5 0-1

[Event "Saturday 20 January Rapid Engine Tour 12+1 Rounds 9 Starts 1600 ST"]
[Site "Infinity Chess"]
[Date "2018.1.20"]
[Round "6"]
[White "RonWeasley"]
[Black "Marsell"]
[Result "1/2-1/2"]
[ECO "C55"]
[WhiteElo "2479"]
[BlackElo "2480"]
[WhiteEngine "BrainFish 130117_CTG"]
[BlackEngine "asmFishW_2018-01-11_popcnt"]
[EventType "Swiss"]
[WhiteTeam ""]
[BlackTeam ""]
[PlyCount "103"]
[TimeControl "720+1"]

1. e4 e5 2. Nf3 Nc6 3. Bc4 Nf6 4. d3 Bc5 5. c3 d6 6. Bb3 a6 7. Nbd2 O-O 
8. O-O Ba7 9. Re1 Ng4 10. Re2 Kh8 11. h3 Nh6 12. Nf1 f5 13. Bg5 Qd7 14. a4 fxe4 
15. Rxe4 Nf5 16. Qe2 Qe8 17. d4 Be6 18. Bxe6 Qxe6 19. dxe5 Rae8 20. Re1 dxe5 
21. Be3 Bxe3 22. Nxe3 Nd6 23. Rh4 Qe7 24. Rg4 e4 25. Nd4 Nxd4 26. cxd4 Qf6 
27. Qd2 g6 28. b3 Nf5 29. Nxf5 gxf5 30. Rf4 Qd6 31. Rc1 Rd8 32. f3 exf3 
33. Rxf3 c6 34. Rf4 Rfe8 35. Rxf5 Qxd4+ 36. Qxd4+ Rxd4 37. Rf7 Rd2 38. Rc3 Rg8 
39. Rf2 Rgd8 40. Re3 R2d7 41. Kh2 Kg8 42. b4 Rf7 43. Rfe2 Rd4 44. Re4 Rf4 
45. Re8+ Kg7 46. R2e7+ Rf7 47. Re3 Rxb4 48. Rg3+ Kf6 49. Rf3+ Kg7 50. Rg3+ Kf6 
51. Rf3+ Kg7 52. Rg3+ 1/2-1/2

[Event "Saturday 20 January Rapid Engine Tour 12+1 Rounds 9 Starts 1600 ST"]
[Site "Infinity Chess"]
[Date "2018.1.20"]
[Round "6"]
[White "Susanne"]
[Black "Neoxium"]
[Result "1/2-1/2"]
[ECO "C11"]
[WhiteElo "2470"]
[BlackElo "2490"]
[WhiteEngine "asmFishW_2018-01-12_bmi2_CTG"]
[BlackEngine "SF SL FA-IDeA"]
[EventType "Swiss"]
[WhiteTeam ""]
[BlackTeam ""]
[PlyCount "59"]
[TimeControl "720+1"]

1. e4 e6 2. d4 d5 3. Nc3 Nf6 4. Bg5 dxe4 5. Nxe4 Be7 6. Bxf6 gxf6 7. Nf3 f5 
8. Nc3 a6 9. g3 b5 10. Bg2 Bb7 11. O-O O-O 12. Ne5 Bxg2 13. Kxg2 Ra7 14. a3 Bf6 
15. f4 c5 16. d5 Qc7 17. Re1 b4 18. Na4 Rd8 19. c4 bxc3 20. Nxc3 Rb7 
21. Rb1 Bxe5 22. fxe5 exd5 23. Qh5 d4 24. e6 fxe6 25. Rxe6 dxc3 26. Qg5+ Kh8 
27. Qf6+ Kg8 28. Qg5+ Kh8 29. Qf6+ Kg8 30. Qg5+ 1/2-1/2

[Event "Saturday 20 January Rapid Engine Tour 12+1 Rounds 9 Starts 1600 ST"]
[Site "Infinity Chess"]
[Date "2018.1.20"]
[Round "6"]
[White "SkyPilot"]
[Black "star99"]
[Result "1/2-1/2"]
[ECO "B90"]
[WhiteElo "2463"]
[BlackElo "2442"]
[WhiteEngine "stockfish_x64_bmi2_2018_01_13_CTG"]
[BlackEngine "Cryptic AIL V1"]
[EventType "Swiss"]
[WhiteTeam ""]
[BlackTeam ""]
[PlyCount "86"]
[TimeControl "720+1"]

1. e4 c5 2. Nf3 d6 3. d4 cxd4 4. Nxd4 Nf6 5. Nc3 a6 6. Be3 e5 7. Nb3 Be7 
8. Be2 Be6 9. Qd3 Nc6 10. a3 Rc8 11. O-O O-O 12. Rac1 Nd7 13. Nd5 Bg5 
14. Rfd1 Bxe3 15. Qxe3 Ne7 16. c4 Bxd5 17. cxd5 f5 18. Rxc8 Qxc8 19. Rc1 Qb8 
20. exf5 Nf6 21. Qd3 Qd8 22. Qc2 Qb8 23. Rd1 b5 24. Bf3 Rc8 25. Qb1 Qc7 
26. Nd2 Qc2 27. Ne4 Qxb1 28. Rxb1 Nxe4 29. Bxe4 Rc4 30. f3 Rd4 31. Rc1 Nxd5 
32. Bxd5+ Rxd5 33. g4 Rd3 34. Rc6 Rxf3 35. Rxd6 a5 36. Rd8+ Kf7 37. Rb8 Rb3 
38. g5 Rxb2 39. Rb7+ Kf8 40. Rb8+ Ke7 41. Rb7+ Kf8 42. Rb8+ Ke7 43. Rb7+ Kf8 
1/2-1/2

[Event "Saturday 20 January Rapid Engine Tour 12+1 Rounds 9 Starts 1600 ST"]
[Site "Infinity Chess"]
[Date "2018.1.20"]
[Round "6"]
[White "Deep_Impact"]
[Black "KhalidOmar"]
[Result "1/2-1/2"]
[ECO "D30"]
[WhiteElo "2528"]
[BlackElo "2470"]
[WhiteEngine "BrainFish_180113_x64_modern"]
[BlackEngine "Eman 1.64b 64-bit BMI2"]
[EventType "Swiss"]
[WhiteTeam ""]
[BlackTeam ""]
[PlyCount "116"]
[TimeControl "720+1"]

1. d4 d5 2. c4 e6 3. Nf3 Nf6 4. Nc3 c6 5. e3 Nbd7 6. Qc2 Bd6 7. Bd3 O-O 
8. O-O dxc4 9. Bxc4 a6 10. Rd1 b5 11. Bd3 Bb7 12. Ng5 h6 13. Nge4 Bc7 14. a3 Qe7 
15. b4 a5 16. bxa5 Bxa5 17. Bb2 Rfc8 18. Rac1 Nd5 19. Qb3 Rc7 20. Ne2 Bb6 
21. N2c3 Rcc8 22. Bb1 Bc7 23. Qc2 N5f6 24. h3 g6 25. Qb3 Kh7 26. Nc5 Nxc5 
27. dxc5 Re8 28. f4 Bc8 29. Na2 Nd5 30. Nb4 Bd7 31. g3 Nxb4 32. axb4 e5 
33. Be4 h5 34. Rd2 Rad8 35. Qc3 Bxh3 36. Bxc6 Rxd2 37. Qxd2 Rd8 38. Qe1 Bd7 
39. Bg2 Be6 40. Ra1 Bd5 41. e4 Bb7 42. Qc3 Rd4 43. Qb3 Rc4 44. Bf1 exf4 
45. Bxc4 Qxe4 46. Bf1 Kg8 47. Qc3 f6 48. gxf4 Bxf4 49. Ra3 Bh2+ 50. Kf2 Be5 
51. Qb3+ Bd5 52. Ra8+ Kg7 53. Ra7+ Kh8 54. Qe3 Qh4+ 55. Ke2 Qg4+ 56. Kf2 Qh4+ 
57. Ke2 Qg4+ 58. Kf2 Qh4+ 1/2-1/2